Match 47463571
Unlisted

Match 47463571
End
Construct Infanterie Kompanie
Selects Terror Battlegroup
MG 42 Machine Gun Team
Grenadier Squad
MG 42 Machine Gun Team
Grenadier Squad
Selects Machine Gun Camouflage
Construct Luftwaffe Kompanie
Medical Station
Support Elements
Jäger Squad
Wirbelwind Flakpanzer
Selects Defend the Fatherland
Side Skirts
Wirbelwind Flakpanzer
Seven
mi prima de Cifuentes
Majchel !
Murasame
MateushM
Rosiema
Ancoron
TOJI
0
0

Comments sign in to comment!

No comments posted yet!